 Dungeon Crawl Stone Soup version 0.30-a0-634-g8abc85282e (webtiles) character file.

Game seed: 3913439039735091081

1076 mampy3000 the Chopper (level 8, -2/69 HPs)
             Began as a Minotaur Berserker on Jan 14, 2023.
             Was a Priest of Trog.
             Slain by a kobold brigand
             ... wielding a +0 long sword
              (3 damage)
             ... on level 6 of the Dungeon.
             The game lasted 00:12:19 (4105 turns).

mampy3000 the Chopper (Minotaur Berserker)          Turns: 4105, Time: 00:12:19

Health: -2/69      AC: 16    Str: 21    XL:     8   Next: 8%
Magic:  7/7        EV:  9    Int:  4    God:    Trog [***...]
Gold:   345        SH:  0    Dex: 13    Spells: 7/7 levels left

rFire   . . .      SeeInvis .    a - +1 hand axe
rCold   . . .      Faith    .    (no shield)
rNeg    + . .      Spirit   .    f - +1 shadow dragon scales
rPois   .          Reflect  .    (helmet restricted)
rElec   .          Harm     .    (no cloak)
rCorr   .          Rampage  .    t - +0 pair of gloves
Will    +....                    (no boots)
Stlth   ++++                     (no amulet)
HPRegen 0.31/turn                o - ring of willpower
MPRegen 0.10/turn                d - ring of positive energy

@: on berserk cooldown, slowed, very slow
A: horns 2, retaliatory headbutt, thin skeletal structure 1, clumsy 1
a: Renounce Religion, Berserk, Trog's Hand


You were on level 6 of the Dungeon.
You worshipped Trog.
Trog was most pleased with you.
You visited 1 branch of the dungeon, and saw 6 of its levels.

You collected 345 gold pieces.

Inventory:

Hand Weapons
 a - a +1 hand axe (weapon)
Missiles
 m - 6 boomerangs (quivered)
Armour
 e - a +0 plate armour
 f - +1 shadow dragon scales (worn)
 t - a +0 pair of gloves (worn)
Jewellery
 d - a ring of positive energy (right hand)
 o - a ring of willpower (left hand)
 r - a ring of ice
Scrolls
 c - 8 scrolls of identify
 g - a scroll of teleportation
 h - 2 scrolls of silence
 i - a scroll of fear
 u - a scroll of enchant armour
Potions
 b - a potion of flight {unknown}
 k - a potion of lignification
 l - 2 potions of mutation
 n - 2 potions of degeneration
 p - a potion of curing {unknown}
 q - a potion of brilliance {unknown}
 s - a potion of berserk rage {unknown}


   Skills:
 + Level 5.6 Fighting
 + Level 7.7 Axes
 + Level 1.0 Throwing
 + Level 5.7 Armour
 + Level 2.9 Dodging
 + Level 3.7 Stealth


You had 7 spell levels left.
You didn't know any spells.
Your spell library was empty.

Dungeon Overview and Level Annotations

Branches:
Dungeon (6/15)             Temple (0/1) D:6

Altars:
Wu Jian

Shops:
D:2 [

Annotations:
D:4 1 transporter


Innate Abilities, Weirdness & Mutations

You have a pair of horns on your head.
You reflexively headbutt those who attack you in melee.
You have a somewhat thin skeletal structure. (Dex +2, Stealth+)
You are clumsy. (Dex -2)


Message History

The arrow hits you but does no damage.
The kobold brigand hits you but does no damage.
The centaur shoots an arrow.
The arrow hits you.
* * * LOW HITPOINT WARNING * * *
You hit the kobold brigand.
Your headbutt misses the kobold brigand.
The kobold brigand is heavily wounded.
You feel sick.
The kobold brigand hits you with a +0 long sword.
* * * LOW HITPOINT WARNING * * *
The centaur shoots an arrow.
The arrow hits you but does no damage.
The kobold brigand hits you but does no damage.
The centaur shoots an arrow.
The arrow hits you but does no damage.
You feel sick.
You are no longer poisoned.
The centaur shoots an arrow.
The arrow hits you but does no damage.
The kobold brigand hits you with a +0 long sword.
* * * LOW HITPOINT WARNING * * *
The centaur shoots an arrow.
The arrow barely misses you.
The kobold brigand attacks as you move away!
The kobold brigand hits you but does no damage.
The centaur shoots an arrow.
The arrow hits you.
* * * LOW HITPOINT WARNING * * *
The centaur shoots an arrow.
The arrow hits you but does no damage.
The kobold brigand hits you but does no damage.
The centaur unwields a +0 shortbow.
The centaur hits you but does no damage.
The centaur kicks you but does no damage.
The kobold brigand hits you with a +0 long sword.
* * * LOW HITPOINT WARNING * * *
The centaur hits you but does no damage.
The centaur kicks you but does no damage.
You hit the centaur.
You headbutt the centaur, but do no damage.
The centaur is lightly wounded.
You hit the kobold brigand.
The centaur hits you but does no damage.
The centaur barely misses you.
The kobold brigand hits you with a +0 long sword.
You die...

########.###.#####
..................#
..........###.#########
..............#.......#
..............#.#####.#
.........)###....# #.#
........)........# #.#
........K........# #.#
......c@.#.......####.#
.........##'###..##...#
.........##.........#.##
.........#.............#
.<.......#####.#)...##.#
## .........#
#.#...#.#.# #...
.........# ###.#.#.#.#.#
....
.........###.#.......#..
.... #.# #......###.###


You could see a kobold brigand and a centaur.

Vanquished Creatures
  A black bear (D:5)
  A sky beast (D:6)
  An ogre (D:6)
  A centaur (D:6)
  A phantom (D:5)
  2 bullfrogs (D:6)
  A necrophage (D:6)
  A scorpion (D:4)
  2 hounds
  An orc priest (D:3)
  3 iguanas
  2 orc wizards (D:3)
  An ogre zombie (D:4)
  8 adders
  An orc zombie (D:4)
  An ufetubus (D:6)
  A worm (D:2)
  3 dart slugs
  3 orcs
  5 ball pythons
  4 bats
  8 endoplasms
  4 giant cockroaches
  3 goblins
  4 hobgoblins
  6 jackals
  9 kobolds
  3 quokkas
  6 frilled lizards
  5 rats
92 creatures vanquished.

Notes
Turn   | Place    | Note
-------+----------+-------------------------------------------
     0 | D:1      | mampy3000 the Minotaur Berserker began the quest for the
                  | Orb.
     0 | D:1      | Reached XP level 1. HP: 19/19 MP: 0/0
    59 | D:1      | Reached XP level 2. HP: 27/27 MP: 1/1
   524 | D:2      | Reached skill level 4 in Axes
   562 | D:2      | Reached XP level 3. HP: 33/33 MP: 2/2
   594 | D:2      | Reached ** piety under Trog
   662 | D:2      | Found Ycvosuor's Armour Emporium.
   664 | D:2      | Found a faded altar of an unknown god.
  1443 | D:3      | Reached XP level 4. HP: 41/41 MP: 3/3
  1644 | D:3      | Reached skill level 1 in Stealth
  1647 | D:3      | Reached skill level 5 in Axes
  1649 | D:3      | Reached XP level 5. HP: 47/47 MP: 4/4
  1761 | D:3      | Found an ornate altar of the Wu Jian Council.
  2051 | D:4      | Reached *** piety under Trog
  2259 | D:4      | Reached skill level 1 in Throwing
  2401 | D:4      | Reached XP level 6. HP: 53/55 MP: 5/5
  2424 | D:4      | Found a transporter.
  2437 | D:4      | Found a transporter.
  2452 | D:4      | Gained mutation: You have a somewhat thin skeletal
                  | structure. (Dex +2, Stealth+) [potion of mutation]
  2452 | D:4      | Gained mutation: You are clumsy. (Dex -2) [potion of
                  | mutation]
  2745 | D:5      | Entered Level 5 of the Dungeon
  2956 | D:5      | Reached skill level 5 in Fighting
  2956 | D:5      | Reached skill level 6 in Axes
  3129 | D:5      | Reached XP level 7. HP: 49/61 MP: 6/6
  3580 | D:6      | Found a staircase to the Ecumenical Temple.
  3643 | D:6      | Reached skill level 5 in Armour
  3840 | D:6      | Reached skill level 7 in Axes
  4099 | D:6      | Reached XP level 8. HP: 25/69 MP: 7/7
  4104 | D:6      | HP: 1/69 [kobold brigand/+0 long sword (5)]
  4105 | D:6      | Slain by a kobold brigand

Illustrated notes

Levels and vault maps discovered:
D:1:      lemuel_arrival_broad_hall, layout_basic
D:2:      layout_basic, serial_shops, shop, ebering_ecumenical_altar_petrified,
          minmay_parallelograms, minmay_misc_feat_columns,
          corexii_hall_statues_deadend
D:3:      layout_loops_ring, mainiacjoe_overflow_six_doors_small,
          kennysheep_flooded_box, minmay_statues_item
D:4:      gammafunk_cloud_chamber, layout_rooms
D:5:      layout_basic
D:6:      layout_basic, minmay_temple_entry_glassed_door

Skill      XL: |  1  2  3  4  5  6  7 |
---------------+----------------------+-----
Fighting       | 4 5 |  5.6
Axes           | 4 5 6 7 |  7.7
Armour         | 3 4 5 |  5.7
Stealth        | 1 2 3 |  3.7
Throwing       | 1 |  1.0
Dodging        | |  2.9

Action                   |  1- 3 |  4- 6 |  7- 9 || total
-------------------------+-------+-------+-------++-------
Melee: Hand axe          |    85 |   112 |    58 ||   255
       Headbutt          |    11 |    22 |    12 ||    45
       Punch             |       |     1 |       ||     1
Throw: Boomerang         |     5 |       |       ||     5
Invok: Berserk           |       |     2 |     2 ||     4
       Trog's Hand       |       |     1 |       ||     1
  Use: Scroll            |     5 |     4 |     1 ||    10
       Potion            |       |     4 |       ||     4
 Stab: Sleeping          |     6 |    16 |     4 ||    26
Armor: Animal skin       |     4 |       |       ||     4
       Plate armour      |    10 |       |       ||    10
       Shadow dragon sca |    29 |    58 |    55 ||   142
Dodge: Dodged            |    34 |    33 |    25 ||    92

Table legend: (Time is in decaauts)
 A = Elapsed time spent in this place.
 B = Non-inter-level travel time spent in this place.
 C = Inter-level travel time spent in this place.
 D = Time resting spent in this place.
 E = Time spent auto-exploring this place.
 F = Levels seen in this place.
 G = Mean time per level.
                   A        B        C        D        E       F      G
               +--------+--------+--------+--------+--------+-----+--------+
         Total |   4137 |   3973 |    164 |      0 |   2947 |   6 |  689.5 |
       Dungeon |   4137 |   3973 |    164 |      0 |   2947 |   6 |  689.5 |
               +--------+--------+--------+--------+--------+-----+--------+

Top non-repeatable levels by time:
     D:2: 928 daAuts
     D:5: 761 daAuts
     D:4: 755 daAuts
     D:3: 671 daAuts
     D:6: 604 daAuts
     D:1: 415 daAuts
